AoeStats
← |MP| patrick

Black Forest

508563872Analyzed
4v4 RM · 9d ago on Sep 23, 2026· 40m 46s· 8 players
Game mode
Random Map
Map size
Large (8 player)
Population
200
Speed
Normal
Resources
Standard
Victory
Conquest
Starting age
Dark Age
Ending age
Imperial Age
RankedLock teamsTeams togetherTeam positionsShared explorationLock speedFull tech treeHidden civsTurbo modeCheats
Victory
Defeat
🇦🇷 Britons · Argentina
1520
+11
🇨🇴 Mongols · Colombia
1400
+16
🇦🇷 Danes · Argentina
1396
+16
🇦🇷 Ethiopians · Argentina
1362
+17
🇦🇷 Maya · Argentina
1485
-18
🇨🇴 Chinese · Colombia
1410
-16
🇨🇱 Malay · Chile
1381
-14
🇦🇷 Goths · Argentina
1323
-12
DD2E D10 Bulldozer
10:12 Loom
12:18 Feudal Age
13:41 Wheelbarrow
16:36 Castle Age
14:52 Double-Bit Axe
16:26 Bow Saw
17:47 Fishing Lines
19:14 Horse Collar
19:57 Heavy Plow
24:16 Hand Cart
25:33 Fletching
25:44 Padded Archer Armor
29:33 Imperial Age
27:41 Thumb Ring
26:59 Crossbowman
28:10 Bodkin Arrow
28:30 Leather Archer Armor
28:54 Ballistics
29:59 Chemistry
29:54 Conscription
31:35 Gillnets
31:56 Bracer
32:27 Ring Archer Armor
32:03 Scale Barding Armor
32:09 Forging
32:46 Elite Skirmisher
34:02 Siege Engineers
36:20 Husbandry
36:20 Elite Battle Elephant
[BRANCA] Ale Vai
5:38 Loom
5:46 Loom
15:02 Feudal Age
19:05 Castle Age
22:27 Double-Bit Axe
22:50 Town Watch
25:46 Imperial Age
24:53 Scale Mail Armor
25:39 Horse Collar
26:23 Squires
27:04 Forging
27:59 Gold Mining
29:32 Wheelbarrow
29:53 Chain Mail Armor
30:14 Iron Casting
31:33 Bow Saw
32:50 Masonry
33:42 Blast Furnace
32:34 Fletching
32:33 Man-at-Arms
34:01 Hand Cart
35:42 Chemistry
34:26 Long Swordsman
35:42 Bodkin Arrow
36:11 Ballistics
36:27 Architecture
35:26 Two-Handed Swordsman
36:53 Conscription
36:09 Champion
37:02 Bracer
[BRANCA] MHR
0:26 Loom
10:40 Feudal Age
10:46 Man-at-Arms
11:25 Double-Bit Axe
12:32 Arson
20:55 Castle Age
19:52 Horse Collar
20:02 Stone Mining
21:59 Fletching
27:48 Wheelbarrow
27:43 Gold Mining
31:36 Imperial Age
30:02 Hand Cart
29:34 Town Watch
30:36 Bow Saw
30:27 Heavy Plow
30:50 Crossbowman
31:33 Bodkin Arrow
32:24 Masonry
33:41 Bracer
34:42 Chemistry
33:46 Arbalester
36:35 Ballistics
Milongo
0:59 Loom
16:49 Feudal Age
18:14 Town Watch
21:38 Castle Age
19:59 Double-Bit Axe
20:14 Horse Collar
20:39 Stone Mining
23:09 Bow Saw
27:12 Heavy Plow
30:21 Gold Mining
31:09 Wheelbarrow
32:46 Ballistics
34:02 Gold Shaft Mining
33:44 Hand Cart
36:10 Imperial Age
34:20 Masonry
34:20 Fletching
34:30 Padded Archer Armor
35:45 Bodkin Arrow
36:06 Leather Archer Armor
36:33 Fortified Wall
36:47 Thumb Ring
37:15 Conscription
38:21 Chemistry
37:52 Architecture
36:47 Heavy Rocket Cart
38:33 Two-Man Saw
38:09 Stone Shaft Mining
37:46 Bracer
38:16 Ring Archer Armor
38:39 Caravan
|MP| layc0ni
11:12 Feudal Age
14:49 Castle Age
13:51 Double-Bit Axe
18:33 Bow Saw
21:45 Fishing Lines
22:57 Gillnets
23:43 Gold Mining
23:43 Stone Mining
25:00 Wheelbarrow
24:11 Loom
24:11 Town Watch
26:38 Gold Shaft Mining
26:38 Stone Shaft Mining
26:54 Hand Cart
29:32 Imperial Age
27:08 Scale Mail Armor
27:19 Forging
27:47 Masonry
26:59 Man-at-Arms
27:40 Squires
27:39 Gambesons
28:11 Chain Mail Armor
28:07 Fletching
28:39 Ballistics
27:45 Long Swordsman
28:11 Arson
28:30 Hamask
29:10 Horse Collar
30:57 Plate Mail Armor
29:49 Two-Handed Swordsman
30:37 Champion
31:53 Iron Casting
31:51 Bodkin Arrow
32:23 Conscription
33:38 Blast Furnace
33:41 Bracer
33:14 Elite Jomsviking
34:30 Hoardings
34:45 Elite Varangian Guard
35:52 Padded Archer Armor
36:49 Onager
|MP| Equisd3
0:43 Loom
14:58 Feudal Age
20:14 Castle Age
19:19 Double-Bit Axe
19:21 Fishing Lines
21:31 Bow Saw
23:43 Demolition Ship
25:16 Gillnets
25:57 Stone Mining
27:14 Horse Collar
30:19 Wheelbarrow
34:18 Imperial Age
32:19 Fletching
33:05 Ballistics
33:41 Bodkin Arrow
33:51 Gold Mining
33:43 Crossbowman
34:46 Thumb Ring
35:12 Bracer
34:46 Arbalester
36:36 Two-Man Saw
36:54 Chemistry
36:30 Padded Archer Armor
36:43 Siege Engineers
38:22 Padded Archer Armor
40:22 Leather Archer Armor
40:18 Scale Mail Armor
40:23 Squires
Volrath
6:48 Loom
12:04 Feudal Age
15:59 Castle Age
13:50 Double-Bit Axe
14:15 Fishing Lines
17:04 Bow Saw
17:13 Gillnets
20:45 Horse Collar
22:38 Stone Mining
22:54 Heavy Plow
24:45 Wheelbarrow
26:06 Hand Cart
30:26 Imperial Age
28:35 Fletching
28:45 Padded Archer Armor
30:16 Ballistics
29:53 Bodkin Arrow
30:04 Scale Barding Armor
30:10 Forging
31:32 Conscription
31:33 Drill
30:36 Onager
32:20 Chemistry
31:29 Bracer
31:40 Elite Mangudai
32:48 Bloodlines
32:41 Husbandry
32:02 Light Cavalry
33:40 Caravan
34:43 Hussar
35:08 Siege Onager
36:56 Leather Archer Armor
36:49 Siege Engineers
36:53 Thumb Ring
37:13 Parthian Tactics
40:11 Chain Barding Armor
|MP| patrick
0:43 Loom
11:15 Feudal Age
15:33 Castle Age
13:22 Double-Bit Axe
15:22 Fletching
16:40 Bow Saw
16:31 Horse Collar
16:52 Town Watch
18:42 Heavy Plow
19:41 Wheelbarrow
22:07 Heavy Plow
23:05 Town Watch
23:27 Gold Mining
23:33 Fletching
26:49 Hand Cart
30:19 Imperial Age
28:07 Bodkin Arrow
28:12 Padded Archer Armor
28:54 Padded Archer Armor
29:38 Yeomen
29:30 Stone Mining
30:07 Leather Archer Armor
30:15 Leather Archer Armor
30:41 Gold Shaft Mining
30:57 Ballistics
31:19 Bracer
31:56 Town Patrol
32:48 Ring Archer Armor
32:30 Elite Longbowman
33:52 Conscription
34:22 Ring Archer Armor
33:26 Capped Ram
36:03 Chemistry
35:10 Siege Engineers
34:47 Treadmill Crane
35:13 Siege Engineers
35:18 Masonry
35:35 Caravan
35:55 Town Patrol
37:38 Coinage
40:15 Hoardings
39:14 Sappers
39:53 Scale Mail Armor
40:03 Forging
39:59 Scale Barding Armor
40:52 Banking
40:32 Guilds
40:59 Architecture
40:20 Heated Shot
41:06 Chain Mail Armor
41:00 Warwolf
41:14 Careening
41:15 Clinker Construction
41:02 Murder Holes
41:19 Fortified Wall
41:23 Siphons
41:12 Guard Tower
Connection lost

Rejoining the realm…

Still unreachable

The connection could not be restored.

Session expired

The server has moved on; the page needs a fresh start.